 Seeded DCSS version 0.30.1-9-gdf580d7c3d (webtiles) character file.

Game seed: 5 (custom seed)

146258 Kazon the Champion of Chaos (level 17, -1/135 HPs)
             Began as a Vine Stalker Fighter on Sept 18, 2023.
             Was the Champion of Makhleb.
             Succumbed to a sea snake's poison
             ... on level 4 of the Snake Pit on Sept 27, 2023.
             The game lasted 03:01:21 (21740 turns).

Kazon the Champion of Chaos (Vine Stalker Fighter) Turns: 21740, Time: 03:01:22

Health: -1/135     AC: 27    Str: 28    XL:     17   Next: 44%
Magic:  22/27      EV: 16    Int:  8    God:    Makhleb [******]
Gold:   1872       SH: 10    Dex: 11    Spells: 16/16 levels left

rFire   + . .        h - +10 zealot's sword {holy, Zealotry, *Rage rN+ EV+3}
rCold   + . .        c - +0 kite shield {reflect}
rNeg    + + +        S - +3 chain mail of the Game of Life {Fly rPois rN++ Dex-5}
rPois   +            t - +1 helmet
rElec   .            b - scarf {rC+ rF+}
rCorr   .            r - +1 pair of gloves {Str+3}
SInv    .            U - +0 pair of boots
Will    ++...        I - amulet of regeneration Stlth
                     a - ring of the Tortoise {AC+8}
HPRegen 2.02/turn    X - +5 ring of evasion
MPRegen 0.20/turn

%: random rage (20%), reflection, guardian spirit
@: berserking (expiring), lethally poisoned (-1 -> -8), flying, constricted,
very quick
A: fangs 3, regeneration 1, magic shield, antimagic bite, no potion heal 2
a: Renounce Religion, Minor Destruction, Lesser Servant of Makhleb, Major
Destruction, Greater Servant of Makhleb


You were on level 4 of the Snake Pit.
You worshipped Makhleb.
Makhleb was exalted by your worship.
You visited 5 branches of the dungeon, and saw 26 of its levels.
You also visited: Ossuary and Ice Cave.

You collected 3175 gold pieces.
You spent 1303 gold pieces at shops.

Inventory:

Hand Weapons
 d - the +4 falchion "Giantbane" {drain, rElec}
   (You bought it in a shop on level 1 of the Snake Pit)

   rElec:     It insulates you from electricity.
 e - a +2 vampiric dagger
 h - the +10 zealot's sword (weapon) {holy, Zealotry, *Rage rN+ EV+3}
   (You found it on level 3 of the Lair of Beasts)

   Zealotry:  Whenever the wielder enters a berserk rage, their allies are
   berserked alongside them.
   EV:        It affects your evasion (+3).
   rN:        It protects you from negative energy.
   *Rage:     It berserks you when you make melee attacks (+20% chance).
 q - a +2 demon whip of venom
 v - a +0 vampiric war axe
Missiles
 k - 15 boomerangs (quivered)
 L - a throwing net
 R - 6 javelins
 T - 16 poisoned darts
 W - 4 silver boomerangs
Armour
 b - a scarf of resistance (worn)
 c - a +0 kite shield of reflection (worn)
 r - a +1 pair of gloves of strength (worn)
 t - a +1 helmet (worn)
 S - the +3 chain mail of the Game of Life (worn) {Fly rPois rN++ Dex-5}
   (You bought it in a shop on level 2 of the Orcish Mines)

   Dex:       It affects your dexterity (-5).
   rPois:     It protects you from poison.
   rN:        It greatly protects you from negative energy.
   Fly:       It grants you flight.
 U - a +0 pair of boots (worn)
Jewellery
 a - the ring of the Tortoise (left hand) {AC+8}
   (You found it in an ice cave)

   [ring of protection]

   AC:        It affects your AC (+8).
 j - a ring of protection from fire
 C - a ring of protection from fire
 I - an amulet of regeneration (around neck)
 X - a +5 ring of evasion (right hand)
Wands
 p - a wand of polymorph (5)
 A - a wand of paralysis (22)
 D - a wand of iceblast (4)
 M - a wand of light (17)
 O - a wand of flame (24)
 P - a wand of digging (6)
Scrolls
 g - 6 scrolls of fog
 n - 4 scrolls of blinking {unknown}
 o - 7 scrolls of teleportation
 z - a scroll of poison
 F - 2 scrolls of summoning
 G - 5 scrolls of enchant armour {unknown}
 J - 3 scrolls of fear
 Q - 4 scrolls of magic mapping
 Y - a scroll of silence
Potions
 l - 11 potions of curing
 m - 3 potions of magic {unknown}
 s - 4 potions of resistance
 w - 3 potions of invisibility
 x - 3 potions of berserk rage
 E - 3 potions of lignification
 H - 3 potions of haste
 N - 2 potions of cancellation
 V - 4 potions of might
Miscellaneous
 y - a lightning rod (1/4)
 Z - a phial of floods


   Skills:
 + Level 10.7 Fighting
 + Level 8.2 Long Blades
 + Level 11.6(12.2) Axes
 + Level 6.2(9.7) Maces & Flails
 + Level 8.7 Throwing
 + Level 7.1 Armour
 * Level 8.3 Dodging
 + Level 5.5 Stealth
 + Level 9.9 Shields
 + Level 12.2 Invocations
 + Level 8.7 Evocations


You had 16 spell levels left.
You didn't know any spells.
Your spell library contained the following spells:

 Spells                   Type           Power      Damage    Failure   Level
 Foxfire                  Conj/Fire      0%         2x1d4     95%         1
 Necrotise                Necr           0%         1d4       95%         1
 Ensorcelled Hibernation  Hex/Ice        0%         N/A       99%         2
 Passwall                 Tmut/Erth      0%         N/A       99%         2
 Static Discharge         Conj/Air       0%         2-2/arc   99%         2
 Frozen Ramparts          Ice            0%         1d1       100%        3
 Hailstorm                Conj/Ice       0%         3d3       100%        3
 Ignite Poison            Fire/Tmut/Pois 0%         N/A       100%        3
 Swiftness                Air            0%         N/A       100%        3
 Vampiric Draining        Necr           0%         2d6       100%        3
 Airstrike                Air            0%         2d(0-16)  100%        4
 Ice Form                 Ice/Tmut       0%         N/A       100%        4
 Leda's Liquefaction      Hex/Erth       0%         N/A       100%        4
 Sticky Flame             Conj/Fire      0%         2d3       100%        4
 Summon Ice Beast         Ice/Summ       0%         N/A       100%        4
 Summon Lightning Spire   Summ/Air       0%         N/A       100%        4
 Agony                    Necr           0%         N/A       100%        5
 Alistair's Intoxication  Tmut/Pois      0%         N/A       100%        5
 Blade Hands              Tmut           0%         N/A       100%        5
 Borgnjor's Vile Clutch   Necr/Erth      0%         N/A       100%        5
 Fireball                 Conj/Fire      0%         3d3       100%        5
 Lee's Rapid Deconstruct  Erth           0%         3d4*      100%        5
 Summon Forest            Summ/Tloc      0%         N/A       100%        5
 Conjure Ball Lightning   Conj/Air       0%         3x3d6     100%        6
 Eringya's Noxious Bog    Tmut/Pois      0%         N/A       100%        6
 Plasma Beam              Fire/Air       0%         2x1d11    100%        6
 Simulacrum               Ice/Necr       0%         N/A       100%        6
 Starburst                Conj/Fire      0%         6d3       100%        6
 Statue Form              Tmut/Erth      0%         N/A       100%        6
 Summon Hydra             Summ           0%         N/A       100%        7
 Discord                  Hex            0%         N/A       100%        8
 Disjunction              Tloc           0%         N/A       100%        8
 Ignition                 Fire           0%         3d3       100%        8


Dungeon Overview and Level Annotations

Branches:
Dungeon (14/15)            Temple (1/1) D:4            Lair (5/5) D:8
  Swamp (0/4) Lair:3        Snake (4/4) Lair:3        Slime (0/5) Lair:5
    Orc (2/2) D:11            Elf (0/3) Orc:2       Ossuary (visited)
  IceCv (visited)
 Vaults: D:13-14

Altars:
Dithmenos
Fedhas
Gozag
Hepliaklqana
Makhleb
Qazlal
Sif Muna
Uskayaw
Wu Jian
Xom
Zin
The Shining One

Shops:
D:8 *   Orc:2 [(**   Snake:1 (![

Annotations:
Snake:3 1 runed translucent door
Abyss:1 Snorg


Innate Abilities, Weirdness & Mutations

You have razor-sharp teeth.
Your natural rate of healing is unusually fast.
When hurt, damage is shared between your health and your magic reserves.
Your bite disrupts and absorbs the magic of your enemies.
Potions cannot restore your health.


Message History

You feel extremely sick.
The anaconda bites you but does no damage.
The anaconda constricts you. The sea snake misses you.
Unknown command.
You slash the sea snake! You bite the sea snake. You drain its power.
You feel invigorated.
The sea snake is moderately wounded.
* * * LOW HITPOINT WARNING * * *
You feel very sick. The sea snake closely misses you. The anaconda misses you.
The anaconda constricts you.
You are too berserk!
You hit the sea snake. You bite the sea snake! You drain its power.
The sea snake is severely wounded.
* * * LOW HITPOINT WARNING * * *
You feel very sick. You block the anaconda's attack.
The anaconda constricts you. You block the sea snake's attack.
The naga warrior closely misses you. The sea snake bites you.
A naga comes into view. It is wielding a +0 battleaxe.
You barely miss the naga warrior.
The naga shouts!
Your bite misses the naga warrior.
* * * LOW HITPOINT WARNING * * *
You feel very sick. The anaconda barely misses you.
The anaconda constricts you. You block the sea snake's attack.
The naga warrior hits you but does no damage.
You block the sea snake's attack.
You closely miss the anaconda. Your bite misses the anaconda.
The anaconda is moderately wounded.
* * * LOW HITPOINT WARNING * * *
You feel very sick.
The anaconda bites you but does no damage.
The anaconda constricts you.
A sea snake comes into view.
The sea snake hisses angrily.
You slice the sea snake!! Your bite misses the sea snake.
The sea snake is almost dead.
You die...

###. ~~~.
##...### ##S~..
##....... ..~~~~
##.......##...~~~
.........#.....~~
.....#..........#
.................
......NSS........
.......@S........
?......#.........
............#...#
......#.......#..
#####.....#......
#./.#....^..
##.......##. #..
.N...


You could see a naga warrior, 3 sea snakes, an anaconda and a naga.

Vanquished Creatures
  Nikola (Snake:1)
  Rupert (D:12)
  A nagaraja (Snake:3)
  The ghost of lonewolfV2 the Cruncher, a journeyman DsBe of Trog (D:14)
  Josephine (Orc:2)
  A rakshasa (D:14)
  4 ogre magi (Orc:2)
  6 hydras
  3 boulder beetles
  4 centaur warriors
  A death knight (D:14)
  12 two-headed ogres
  7 anacondas
  A dancing weapon (D:14)
  11 naga warriors
  2 death yaks (Lair:2)
  A tengu warrior (D:11)
  7 naga sharpshooters
  7 shock serpents
  3 skeletal warriors (D:14)
  A skyshark (Lair:4)
  Amaemon (Lair:2)
  A fire crab (shapeshifter) (D:14)
  3 salamander mystics
  7 naga ritualists
  4 deep elf pyromancers
  An orc knight (D:12)
  11 mana vipers
  An orc sorcerer (Orc:1)
  11 ugly things
  13 salamanders
  2 manticores
  5 cyclopes
  9 elephants
  An ice statue (IceCv)
  23 black mambas
  A guardian serpent (Snake:1)
  13 cane toads
  8 naga magi
  3 gargoyles
  An efreet (D:13)
  An unseen horror (D:10)
  10 komodo dragons
  4 rime drakes (IceCv)
  A tengu conjurer (D:14)
  3 meliai (D:14)
  2 meliai (shapeshifter)
  8 polar bears
  5 trolls
  A dream sheep (Lair:5)
  7 hornets
  5 blink frogs
  A slime creature (D:12)
  12 spriggans (Lair:5)
  3 shadows
  Sigmund (D:4)
  3 vampires
  A water elemental (D:12)
  4 wraiths
  7 wyverns
  A hog (shapeshifter) (D:12)
  25 yaks
  6 basilisks
  2 steam dragons
  A vampire mosquito (D:10)
  2 wargs
  31 nagas
  2 swamp worms (Lair:3)
  Duvessa (D:6)
  18 water moccasins
  7 orc warriors
  A sky beast (D:7)
  5 black bears
  A boggart (shapeshifter) (D:14)
  4 boggarts (Lair:5)
  28 ogres
  40 wolves
  A phantom (D:11)
  7 centaurs
  An elf zombie (Ossuary)
  3 kobold brigands
  10 bullfrogs
  A gnoll sergeant (D:8)
  3 scorpions
  23 wights
  A troll zombie (D:11)
  11 killer bees
  Dowan (D:6)
  4 lindwurm simulacra (IceCv)
  5 howler monkeys
  A vampire bat (D:7)
  3 electric eels
  3 komodo dragon simulacra (IceCv)
  A wyvern simulacrum (D:8)
  6 hounds
  17 orc priests
  3 human zombies (Ossuary)
  A jelly (D:5)
  6 iguanas
  17 orc wizards
  9 ogre zombies
  A centaur simulacrum (D:8)
  6 mummies (Ossuary)
  14 gnolls
  5 acid dragon simulacra (IceCv)
  9 adders
  A shadow imp (D:8)
  13 white imps
  2 ufetubi
  9 steam dragon simulacra (IceCv)
  A worm zombie (D:7)
  2 adder zombies (Ossuary)
  3 worms
  54 orcs
  12 bats
  9 endoplasms
  A giant cockroach (D:1)
  12 goblins
  7 hobgoblins
  11 jackals
  22 kobolds
  3 quokkas (D:4)
  6 ball pythons
  3 frilled lizards
  A goblin skeleton (D:11)
  6 goblin zombies
  2 hobgoblin skeletons (D:11)
  10 hobgoblin zombies
  3 kobold zombies
  15 orc zombies (D:11)
  4 quokka zombies (Ossuary)
  4 rats
  4 rat zombies (Ossuary)
842 creatures vanquished.

Vanquished Creatures (collateral kills)
  Donald (Snake:1)
  An anaconda (Snake:3)
  3 naga warriors (Snake:2)
  A naga sharpshooter (Snake:2)
  A naga ritualist (Snake:3)
  3 mana vipers (Snake:1)
  2 salamanders
  3 elephants (Lair:4)
  Maurice (D:9)
  10 black mambas
  A guardian serpent (Snake:2)
  2 naga magi
  An orange demon (Lair:2)
  A cane toad (Lair:4)
  A basilisk (Lair:1)
  A steam dragon (D:8)
  3 nagas
  An ice beast (D:8)
  2 black bears (D:8)
  5 wolves (Lair:1)
  A centaur (D:9)
  2 bullfrogs (Lair:1)
47 creatures vanquished.

Vanquished Creatures (others)
  2 orc wizards
2 creatures vanquished.

Grand Total: 891 creatures vanquished

Notes
Turn   | Place    | Note
-------+----------+-------------------------------------------
     0 | D:1      | Kazon the Vine Stalker Fighter began the quest for the Orb.
     0 | D:1      | Reached XP level 1. HP: 11/11 MP: 2/2
    35 | D:1      | Identified a scroll of acquirement
    35 | D:1      | Acquired a +3 broad axe of distortion
    50 | D:1      | Reached XP level 2. HP: 16/16 MP: 3/3
   259 | D:1      | Reached XP level 3. HP: 20/20 MP: 4/4
   934 | D:2      | Gained mutation: Your natural rate of healing is unusually
                  | fast. [Vine Stalker growth]
   934 | D:2      | Reached XP level 4. HP: 24/24 MP: 5/5
  1583 | D:3      | Found a blossoming altar of Fedhas.
  1599 | D:3      | Reached XP level 5. HP: 28/28 MP: 6/6
  1656 | D:3      | Found a stormy altar of Qazlal.
  1708 | D:3      | Found a faded altar of an unknown god.
  1729 | D:3      | Identified the +2 sling "Qeuhanocyt" {speed, rElec Str-3
                  | Dex+2}
  1975 | D:4      | Found a staircase to the Ecumenical Temple.
  1983 | Temple   | Entered the Ecumenical Temple
  1999 | Temple   | Became a worshipper of Makhleb the Destroyer
  2055 | D:4      | Noticed a black bear
  2073 | D:4      | Killed a black bear
  2074 | D:4      | Reached skill level 1 in Throwing
  2074 | D:4      | Reached skill level 1 in Stealth
  2078 | D:4      | Found a hazy altar of Hepliaklqana.
  2079 | D:4      | Found a shadowy altar of Dithmenos.
  2079 | D:4      | Noticed a shadow
  2135 | D:4      | Reached XP level 6. HP: 32/32 MP: 7/7
  2141 | D:4      | Noticed a black bear
  2144 | D:4      | Killed a black bear
  2145 | D:4      | Reached skill level 1 in Invocations
  2392 | D:4      | Noticed Sigmund
  2400 | D:4      | Killed Sigmund
  2401 | D:4      | Reached skill level 1 in Evocations
  2401 | D:4      | Reached XP level 7. HP: 35/37 MP: 9/9
  2789 | D:5      | Entered Level 5 of the Dungeon
  2795 | D:5      | Reached skill level 2 in Invocations
  2955 | D:5      | Gained mutation: You have razor-sharp teeth. [Vine Stalker
                  | growth]
  2955 | D:5      | Reached XP level 8. HP: 42/42 MP: 10/10
  2967 | D:5      | Upgraded the game from 0.30.1-4-g462c640d31 to
                  | 0.30.1-9-gdf580d7c3d
  3170 | D:6      | Noticed Dowan
  3172 | D:6      | Noticed Duvessa
  3179 | D:6      | Killed Duvessa
  3180 | D:6      | Reached skill level 5 in Axes
  3180 | D:6      | Killed Dowan
  3231 | D:6      | Reached skill level 1 in Dodging
  3231 | D:6      | Reached skill level 3 in Invocations
  3267 | D:6      | Reached * piety under Makhleb
  3336 | D:6      | Found a shimmering altar of Xom.
  3606 | D:7      | Reached XP level 9. HP: 28/46 MP: 12/12
  3622 | D:7      | Reached ** piety under Makhleb
  3627 | D:7      | Reached skill level 5 in Fighting
  3629 | D:7      | Noticed a two-headed ogre
  3646 | D:7      | Killed a two-headed ogre
  3688 | D:7      | Found a sand-covered staircase.
  3699 | Ossuary  | Entered an ossuary
  3814 | Ossuary  | Reached skill level 4 in Invocations
  3985 | Ossuary  | Reached *** piety under Makhleb
  4213 | D:7      | Reached XP level 10. HP: 49/52 MP: 14/14
  4760 | D:8      | Reached skill level 5 in Invocations
  4771 | D:8      | Reached **** piety under Makhleb
  5046 | D:8      | Reached skill level 5 in Throwing
  5048 | D:8      | Reached skill level 5 in Evocations
  5056 | D:8      | Found a staircase to the Lair.
  5063 | D:8      | Found Izo Qiri's Assorted Antiques.
  5148 | D:8      | Reached XP level 11. HP: 58/58 MP: 15/15
  5259 | D:8      | Bought a sedimented brown potion for 26 gold pieces
  5259 | D:8      | Bought a curved iron wand for 116 gold pieces
  6077 | D:9      | Noticed Maurice
  6086 | D:9      | Killed Maurice
  6536 | D:9      | Paralysed by a hornet for 1 turns
  6671 | D:9      | Reached ***** piety under Makhleb
  6749 | D:10     | Entered Level 10 of the Dungeon
  6817 | D:10     | Reached skill level 6 in Invocations
  6845 | D:10     | Noticed Snorg
  6852 | D:10     | Banished Snorg
  6866 | D:10     | Found a shimmering blue altar of Sif Muna.
  6909 | D:10     | Noticed a two-headed ogre
  6917 | D:10     | Killed a two-headed ogre
  7171 | D:10     | Reached skill level 5 in Armour
  7433 | D:11     | Found a staircase to the Orcish Mines.
  7457 | D:11     | Noticed a tengu warrior
  7478 | D:11     | Killed a tengu warrior
  7479 | D:11     | Reached skill level 5 in Shields
  7487 | D:11     | Reached XP level 12. HP: 64/64 MP: 11/18
  7735 | D:11     | Reached skill level 7 in Invocations
  8320 | D:11     | Noticed a boulder beetle
  8331 | D:11     | Killed a boulder beetle
  8466 | D:12     | Found a frozen archway.
  8484 | IceCv    | Entered an ice cave
  8493 | IceCv    | Reached ****** piety under Makhleb
  8556 | IceCv    | Found the ring of the Tortoise {AC+8}
  8697 | IceCv    | Noticed a white draconian
  8717 | IceCv    | Banished a white draconian
  8748 | IceCv    | Identified the ring of Omumul {*Corrode rC+ Int+5 Dex+2
                  | Stlth+}
  9011 | D:12     | Noticed a two-headed ogre
  9019 | D:12     | Killed a two-headed ogre
  9278 | D:12     | Noticed Rupert
  9301 | D:12     | HP: 1/48 [Rupert/+0 battleaxe of draining (2)]
  9305 | D:12     | Killed Rupert
  9306 | D:12     | Reached skill level 8 in Invocations
  9361 | D:12     | Noticed an ogre mage
  9366 | D:12     | Noticed a centaur warrior
  9366 | D:12     | Noticed a centaur warrior
  9379 | D:12     | Killed a centaur warrior
  9412 | D:12     | Killed a centaur warrior
  9413 | D:12     | Reached XP level 13. HP: 56/69 MP: 15/20
  9440 | D:12     | Reached skill level 10 in Axes
  9908 | Lair:1   | Entered Level 1 of the Lair of Beasts
 10124 | Lair:1   | Reached skill level 9 in Invocations
 10479 | Lair:2   | Noticed Amaemon
 10505 | Lair:2   | Paralysed by Amaemon for 2 turns
 10509 | Lair:2   | HP: 2/70 [poisoned by Amaemon]
 10693 | Lair:2   | Found an ornate altar of the Wu Jian Council.
 10821 | Lair:2   | Killed Amaemon
 11389 | Lair:3   | Found a staircase to the Snake Pit.
 11434 | Lair:3   | Reached skill level 1 in Maces & Flails
 11589 | Lair:3   | Reached XP level 14. HP: 55/75 MP: 11/22
 11630 | Lair:3   | Found a staircase to the Swamp.
 11654 | Lair:3   | Found the +10 zealot's sword {holy, Zealotry, *Rage rN+
                  | EV+3}
 12538 | Lair:4   | Reached skill level 1 in Long Blades
 13181 | Lair:5   | Entered Level 5 of the Lair of Beasts
 13489 | Lair:5   | Found a staircase to the Slime Pits.
 13726 | Lair:5   | Paralysed by a hornet for 3 turns
 13821 | Lair:5   | Reached skill level 5 in Maces & Flails
 14179 | Lair:5   | Reached XP level 15. HP: 80/80 MP: 23/23
 14200 | Lair:5   | Reached skill level 5 in Dodging
 14559 | Orc:1    | Entered Level 1 of the Orcish Mines
 14578 | D:11     | Reached skill level 10 in Invocations
 14858 | Orc:2    | Entered Level 2 of the Orcish Mines
 14858 | Orc:2    | Noticed Josephine
 15344 | Orc:2    | Killed Josephine
 15587 | Orc:2    | Found Jigu's Antique Armour Emporium.
 15589 | Orc:2    | Found Fiots's General Store.
 15589 | Orc:2    | Found Lifoc's Assorted Antiques.
 15589 | Orc:2    | Found Itoejit's Antique Weapon Shop.
 15609 | Orc:2    | Bought a scroll of magic mapping for 112 gold pieces
 15609 | Orc:2    | Bought a scroll of enchant weapon for 112 gold pieces
 15610 | Orc:2    | Bought a scroll labelled FOQEFA DOBLIOG for 41 gold pieces
 15612 | Orc:2    | Bought a crude chain mail for 237 gold pieces
 15612 | Orc:2    | Identified the +3 chain mail of the Game of Life {Fly rPois
                  | rN++ Dex-5} (You bought it in a shop on level 2 of the
                  | Orcish Mines)
 15612 | Orc:2    | Bought a pair of glowing gloves for 187 gold pieces
 15636 | Orc:2    | Found a staircase to the Elven Halls.
 16073 | D:13     | Got the Verses on Mutagenic Frost
 16368 | D:13     | Identified the +1 robe of the Marlin {-Tele rN+ Dex+3}
 16379 | D:13     | Reached skill level 10 in Fighting
 16379 | D:13     | Reached skill level 5 in Long Blades
 16863 | D:14     | Found a runed translucent door.
 16864 | D:14     | Found a shimmering altar of Xom.
 16864 | D:14     | Noticed lonewolfV2's ghost (journeyman DsBe)
 16949 | D:14     | Reached skill level 5 in Stealth
 16993 | D:14     | Found a hide-covered altar of Uskayaw.
 17431 | D:14     | Killed lonewolfV2's ghost
 17808 | Snake:1  | Entered Level 1 of the Snake Pit
 17830 | Snake:1  | Reached XP level 16. HP: 85/85 MP: 25/25
 17831 | Snake:1  | Identified the ring of Enowk {Ice Int+5}
 17966 | Snake:1  | Reached skill level 11 in Invocations
 18296 | Snake:1  | Found Ygoulout's Armour Shoppe.
 18298 | Snake:1  | Found Cymmoo's Distillery.
 18300 | Snake:1  | Found Suyxaint's Antique Weapon Shoppe.
 18306 | Snake:1  | Bought a potion of mutation for 112 gold pieces
 18308 | Snake:1  | Bought a glowing broad axe for 168 gold pieces
 18308 | Snake:1  | Bought an ancient falchion for 192 gold pieces
 18308 | Snake:1  | Identified the +4 falchion "Giantbane" {drain, rElec} (You
                  | bought it in a shop on level 1 of the Snake Pit)
 18374 | Snake:1  | Noticed Nikola
 18415 | Snake:1  | Killed Nikola
 18453 | Snake:1  | Found a glowing silver altar of Zin.
 18511 | Snake:1  | Noticed Donald
 18698 | Snake:1  | Killed Donald
 18847 | Snake:2  | Identified the +1 robe "Nakhlulo" {Str+2}
 20129 | Snake:3  | Noticed a nagaraja
 20158 | Snake:3  | Reached XP level 17. HP: 80/90 MP: 26/26
 20671 | Snake:3  | Reached skill level 12 in Invocations
 21672 | Snake:3  | Found a runed translucent door.
 21710 | Snake:4  | Entered Level 4 of the Snake Pit
 21738 | Snake:4  | HP: 4/135 [poisoned by a sea snake]
 21739 | Snake:4  | HP: 1/135 [poisoned by a sea snake]
 21740 | Snake:4  | Succumbed to a sea snake's poison

Illustrated notes

Levels and vault maps discovered:
D:1:      ebering_trefoil_3fold, layout_basic, st_stairs_14, serial_bayou_ford_a
D:2:      layout_basic, hangedman_decor_growths, minmay_close_crescents
D:3:      layout_rooms, mainiacjoe_overflow_concentric_impassable,
          mainiacjoe_overflow_paths, shapermc_ecumenical_altar_acropolis,
          chequers_serial_rivers_micro_b
D:4:      layout_basic, riverfiend_overflow_shadow_ancestor,
          minmay_temple_entry_glass, uniq_sigmund
D:5:      layout_gridville
D:6:      layout_basic, xom_teletrap_fun, uniq_duvessa
D:7:      layout_loops_ring, enter_ossuary_3, roderic_batcave
D:8:      layout_layer_cave, minmay_lair_entry_grove, serial_shops,
          nicolae_lakefront_shop, serial_ice, serial_ice_o, serial_ice_d,
          serial_ice_k, serial_ice_a
D:9:      layout_loops_ring, nicolae_wwwww, uniq_maurice
D:10:     layout_irregular_city, led_sif_pool, uniq_snorg
D:11:     layout_basic, zombieorc2_lemuel, chequers_garden
D:12:     layout_basic, portal_ice_cave_entry_imps,
          chequers_serial_rivers_micro_e, minivault_28, uniq_rupert
D:13:     layout_basic, lightli_vaults_fourway_checkpoint, serial_corexii_hall,
          chequers_hall_statues_wall_a, chequers_hall_statues_wall_a
D:14:     layout_irregular_city, nicolae_uskayaw_dance_hall, ebering_ghost_xom,
          grunt_ministairs_12
Temple:   nicolae_temple_elliptical
Lair:1:   layout_big_grid, serial_bayou_pond_a
Lair:2:   layout_gridlike, basic_altar, uniq_amaemon
Lair:3:   layout_small_grid, swamp_mist, minmay_snake_entry_six_corridors,
          worms_lemuel, serial_bayou_shore_a
Lair:4:   layout_gridlike, nzn_random_ring, infiniplex_staircase_pool_2
Lair:5:   minmay_lair_end_enchanted_forest, layout_misc_corridors,
          dpeg_slime_entry_enclosed
Snake:1:  layout_grid_maze, basic_altar, nicolae_snake_guarding_the_ruins,
          minmay_shop_star, uniq_donald, uniq_nikola
Snake:2:  layout_honeycomb
Snake:3:  layout_gridlike, lightli_airlock
Snake:4:  grunt_snake_rune_pools, layout_onion_interference, serial_shops,
          nicolae_shop_rolled_up, guppyfry_snake_island, minmay_shop_grove
Orc:1:    layout_caves, serial_shops, nicolae_orc_sculptors_studio
Orc:2:    st_orc_ogre_mass, layout_caves, basic_altar, nicolae_orc_tapped_out,
          uniq_josephine

Skill      XL: |  1  2  3  4  5  6  7  8  9 10 11 12 13 14 15 16 17 |
---------------+----------------------------------------------------+-----
Axes           | 2 3 4 6 7 8 9 10 11 | 11.6
Fighting       | 3 4 5 6 7 8 9 10 | 10.7
Shields        | 3 4 5 6 7 8 9 |  9.9
Throwing       | 1 2 3 4 5 6 7 8 |  8.7
Armour         | 3 4 5 6 7 |  7.1
Stealth        | 1 2 3 4 5 |  5.5
Invocations    | 1 2 3 4 5 6 8 9 10 11 12 | 12.2
Evocations     | 1 2 4 5 6 7 8 |  8.7
Dodging        | 1 2 3 4 6 7 8 |  8.3
Maces & Flails | 1 5 6 |  6.2
Long Blades    | 3 6 7 8 |  8.2

Action                     |  1- 3 |  4- 6 |  7- 9 | 10-12 | 13-15 | 16-18 || total
---------------------------+-------+-------+-------+-------+-------+-------++-------
  Melee: War axe           |    10 |       |       |       |   253 |   124 ||   387
         Broad axe         |    56 |    87 |   222 |   405 |   177 |       ||   947
         Bite              |    10 |    18 |    53 |   117 |   468 |   274 ||   940
         Demon whip        |       |       |       |       |   537 |       ||   537
         Hand axe          |       |       |       |       |    65 |       ||    65
         Eudemon blade     |       |       |       |       |    98 |    70 ||   168
         Dagger            |       |       |       |       |     4 |       ||     4
         Falchion          |       |       |       |       |       |   600 ||   600
  Throw: Stone             |       |     7 |    15 |       |       |       ||    22
         Dart              |       |     1 |     7 |    13 |    95 |       ||   116
         Boomerang         |       |       |    23 |    22 |    12 |    59 ||   116
         Throwing net      |       |       |       |     2 |       |       ||     2
         Javelin           |       |       |       |       |     9 |    15 ||    24
 Invoke: Minor Destruction |       |       |    40 |   191 |   183 |   141 ||   555
         Lesser Servant of |       |       |       |     4 |     9 |    14 ||    27
         Major Destruction |       |       |       |     1 |     1 |     1 ||     3
         Greater Servant o |       |       |       |       |     1 |     1 ||     2
  Evoke: Wand              |       |       |       |     9 |    17 |     1 ||    27
         Lightning rod     |       |       |       |       |     4 |     4 ||     8
         Phial of floods   |       |       |       |       |       |     1 ||     1
    Use: Scroll            |     2 |     1 |       |     8 |    13 |     3 ||    27
         Potion            |       |       |     1 |       |     2 |     1 ||     4
   Stab: Sleeping          |       |       |       |     1 |     9 |       ||    10
         Invisible         |       |       |       |     2 |       |       ||     2
         Distracted        |       |       |       |       |     4 |     6 ||    10
         Petrified         |       |       |       |       |     1 |       ||     1
 Armour: Scale mail        |    21 |    43 |    85 |    80 |       |       ||   229
         Troll leather arm |       |       |       |    36 |   351 |       ||   387
         Chain mail        |       |       |       |       |     8 |   341 ||   349
  Dodge: Dodged            |    25 |    35 |    88 |    85 |   395 |   473 ||  1101
  Block: Buckler           |     9 |    27 |    57 |       |       |       ||    93
         Tower shield      |       |       |     5 |   260 |   899 |   157 ||  1321
         Kite shield       |       |       |       |       |       |   355 ||   355
         Reflection        |       |       |       |       |       |    23 ||    23
